 Dungeon Crawl Stone Soup version 0.17-a0-1804-gf6433eb (webtiles) character file.

261 luca467 the Insei (level 5, -4/42 HPs)
             Began as a Demonspawn Monk on Sept 11, 2015.
             Slain by Pikel
             ... wielding a +0 whip of flaming
              (6 damage)
             ... on level 4 of the Dungeon.
             The game lasted 00:16:37 (4032 turns).

luca467 the Insei (Demonspawn Monk)                 Turns: 4032, Time: 00:16:37

Health: -4/42      AC:  2    Str: 17    XL:     5   Next: 96%
Magic:  5/5        EV: 20    Int: 11    God:
Gold:   159        SH:  0    Dex: 21    Spells: 0 memorised, 4 levels left

rFire  . . .     SeeInvis .       - Unarmed
rCold  . . .     Clarity  .     a - +0 robe
rNeg   . . .     SustAt   .     (no shield)
rPois  .         Gourm    .     (no helmet)
rElec  .         Spirit   .     (no cloak)
rCorr  .         Warding  .     (no gloves)
rMut   .         Stasis   .     (no boots)
MR     +....                    (no amulet)
Stlth  +++.......               (no ring)
                                u - ring of protection from magic

@: mighty, agile, somewhat resistant to hostile enchantments, fairly stealthy
A: claws 1, talons 1, demonic guardian 1
a: no special abilities


You were on level 4 of the Dungeon.
You were not hungry.

You visited 1 branch of the dungeon, and saw 4 of its levels.

You collected 159 gold pieces.

Inventory:

Armour
 a - a +0 robe (worn)
 g - a +0 pair of gloves
 k - a +0 buckler
Jewellery
 o - a cursed ring of teleportation
 q - an uncursed ring of wizardry
 t - an uncursed ring of flight
 u - a ring of protection from magic (left claw)
Scrolls
 d - a scroll of amnesia {unknown}
 e - a scroll of teleportation {unknown}
 h - a scroll of enchant armour {unknown}
 j - a scroll of blinking {unknown}
 n - 5 scrolls of remove curse {unknown}
 p - a scroll of recharging {unknown}
 r - a scroll of noise {unknown}
 s - a scroll of enchant weapon {unknown}
 y - 2 scrolls of identify
Potions
 f - a potion of agility
 l - a potion of curing {unknown}
 m - a potion of brilliance {unknown}
 z - a potion of poison {unknown}
Books
 w - a book of Annihilations

   Spells                             Type                      Level
   a - Poison Arrow                   Conjuration/Poison           6
   b - Chain Lightning                Conjuration/Air              8
   c - Lehudib's Crystal Spear        Conjuration/Earth            8
   d - Glaciate                       Conjuration/Ice              9
   e - Fire Storm                     Conjuration/Fire             9
Comestibles
 b - 2 bread rations
 v - 2 meat rations


   Skills:
 + Level 4.2 Fighting
 + Level 3.6 Dodging
 - Level 1.7 Stealth
 * Level 5.4 Unarmed Combat


You had 4 spell levels left.
You didn't know any spells.

Dungeon Overview and Level Annotations

Branches:
Dungeon (4/15)
 Temple: D:4-7

Altars:
Dithmenos
Fedhas
Trog
Yredelemnul

Annotations:
D:4 Pikel


Innate Abilities, Weirdness & Mutations

You have sharp fingernails.
You have sharp toenails.
A weak demonic guardian rushes to your aid.


Message History

The slave hits your white imp.
Your white imp dies!
Pikel misses you.
Drink which item? (? for menu, Esc to quit)
It was a potion of might.
You feel very mighty all of a sudden. The slave misses you.
Pikel closely misses you.
You closely miss Pikel.
Pikel is moderately wounded.
The slave completely misses you. The slave hits you.
* * * LOW HITPOINT WARNING * * *
Pikel completely misses you.
Drink which item? (? for menu, Esc to quit)
It was a potion of cure mutation.
It has a very clean taste.
The slave misses you. The slave hits you!
* * * LOW HITPOINT WARNING * * *
You claw Pikel!
Pikel is heavily wounded.
Pikel hits you with a whip of flaming.
You die...

#.....#.....# #.....
#....)###.### #.....
#.....# #.# #.....
##.....# #.# #####.....
#.....####.###.........
#......##...#..........
#......##...#.......###
#....p.+....#.......###
#....p@#...##..........
#....pK#...............
#.....p#...............
#......#...............
#......................
####.......##..........
#.....####..........
#.....# #..........
#.....# #..........


You could see Pikel and 4 slaves.

Vanquished Creatures
  A giant frog skeleton (D:4)
  A gnoll (D:4)
  5 adders
  2 oozes
  5 worms
  2 orcs (D:3)
  3 giant cockroaches
  2 gnoll zombies (D:4)
  8 goblins
  11 hobgoblins
  4 quokkas
  A ball python (D:3)
  9 bats
  5 giant newts
  5 jackals
  9 kobolds
  A quokka skeleton (D:4)
  17 rats
91 creatures vanquished.

Vanquished Creatures (collateral kills)
  An ogre (D:4)
  3 gnolls (D:4)
4 creatures vanquished.

Grand Total: 95 creatures vanquished

Notes
Turn   | Place    | Note
--------------------------------------------------------------
     0 | D:1      | luca467 the Demonspawn Monk began the quest for the Orb.
     0 | D:1      | Reached XP level 1. HP: 18/18 MP: 1/1
   224 | D:1      | Gained mutation: A weak demonic guardian rushes to your aid. [demonic ancestry]
   224 | D:1      | Reached XP level 2. HP: 24/24 MP: 2/2
   379 | D:1      | Reached skill level 4 in Unarmed Combat
  1401 | D:2      | Gained mutation: You have sharp fingernails. [demonic ancestry]
  1401 | D:2      | Reached XP level 3. HP: 10/29 MP: 3/3
  1942 | D:2      | Found a blossoming altar of Fedhas.
  2097 | D:3      | Gained mutation: You have sharp toenails. [demonic ancestry]
  2097 | D:3      | Reached XP level 4. HP: 21/35 MP: 4/4
  2487 | D:3      | Noticed a moth of wrath
  2490 | D:3      | Found a bloodstained altar of Trog.
  3262 | D:4      | Noticed an ogre
  3277 | D:4      | Killed an ogre
  3277 | D:4      | Reached skill level 5 in Unarmed Combat
  3277 | D:4      | Reached XP level 5. HP: 21/42 MP: 5/5
  3896 | D:4      | Found a shadowy altar of Dithmenos.
  3965 | D:4      | Found a basalt altar of Yredelemnul.
  3988 | D:4      | Noticed a slave
  3998 | D:4      | Noticed Pikel
  4001 | D:4      | Noticed a slave
  4002 | D:4      | Noticed a slave
  4004 | D:4      | Noticed a slave
  4031 | D:4      | HP: 2/42 [slave[Pikel] (7)]
  4032 | D:4      | Slain by Pikel

Vault maps used:
D:1:      ncdulo_watergridlock, serial_curves, eino_curves_03, eino_curves_03
D:2:      fedhas_altar_2
D:3:      tgw_trog, roderic_cross_of_infinity
D:4:      grunt_dithmenos_smoke, lemuel_zombie_altar_yredelemnul, temple_green,
          uniq_pikel

Action                   |  1- 3 |  4- 6 || total
-------------------------+-------+-------++-------
Melee: Unarmed           |   181 |   182 ||   363
  Use: Scroll            |     2 |     2 ||     4
       Potion            |       |     3 ||     3
 Stab: Sleeping          |     1 |     5 ||     6
       Distracted        |       |     1 ||     1
  Eat: Chunk             |     4 |     5 ||     9
       Beef jerky        |       |     1 ||     1
